 Dungeon Crawl Stone Soup version 0.18.1-50-g88ac8fd (webtiles) character file.

278 Gianozzolo the Changer (level 6, -3/51 HPs)
             Began as a Naga Transmuter on Nov 13, 2017.
             Slain by a gnoll
             ... wielding a +0 halberd
              (8 damage)
             ... on level 3 of the Dungeon.
             The game lasted 00:04:05 (1878 turns).

Gianozzolo the Changer (Naga Transmuter)            Turns: 1878, Time: 00:04:06

Health: -3/51      AC:  3    Str: 12    XL:     6   Next: 26%
Magic:  4/9        EV:  4    Int: 16    God:
Gold:   85         SH:  0    Dex: 13    Spells: 3 memorised, 0 levels left

rFire  . . .     SeeInvis +       - Unarmed
rCold  + . .     Gourm    .     u - +0 leather armour
rNeg   . . .     Faith    .     (no shield)
rPois  +         Spirit   .     (no helmet)
rElec  .         Dismiss  .     (no cloak)
rCorr  .         Reflect  .     (no gloves)
SustAt .         Harm     .     (no barding)
MR     .....                    (no amulet)
Stlth  +.........               g - ring of protection from cold
                                e - +2 ring of dexterity (curse)

@: very slightly contaminated, very slow, not resistant to hostile enchantments,
very unstealthy
A: see invisible, deformed body, poison resistance, slowness 2, slow metabolism
1, spit poison 2, AC +2
a: Spit Poison


You were on level 3 of the Dungeon.
You were not hungry.

You visited 1 branch of the dungeon, and saw 3 of its levels.

You collected 85 gold pieces.

Inventory:

Missiles
 a - 20 arrows
Armour
 b - a +0 robe
 u - a +0 leather armour (worn)
Jewellery
 e - a cursed +2 ring of dexterity (left hand)
 g - a ring of protection from cold (right hand)
Wands
 s - a wand of lightning (10/15)
Scrolls
 f - 2 scrolls of remove curse {unknown}
 h - a scroll of identify {unknown}
 i - a scroll of immolation {unknown}
 l - a scroll of magic mapping {unknown}
 m - a scroll of recharging {unknown}
 p - a scroll of fear {unknown}
 r - a scroll of enchant weapon {unknown}
Potions
 j - a potion of curing {unknown}
 o - 2 potions of might {unknown}
 t - a potion of lignification {unknown}
Books
 c - a book of Changes

   Spells                             Type                      Level
   a - Beastly Appendage              Transmutation                1
   b - Sticks to Snakes               Transmutation                2
   c - Spider Form                    Transmutation/Poison         3
   d - Ice Form                       Ice/Transmutation            4
   e - Blade Hands                    Transmutation                5
Comestibles
 d - a bread ration
 k - 2 beef jerkies
 n - 2 meat rations
 q - 4 fruits


   Skills:
 - Level 1.0 Fighting
 - Level 1.5 Dodging
 + Level 4.5 Unarmed Combat
 - Level 2.0 Spellcasting
 * Level 4.7 Transmutations
 - Level 3.0 Poison Magic


You couldn't memorise any spells.
You knew the following spells:

 Your Spells              Type           Power        Failure   Level  Hunger
a - Beastly Appendage     Trmt           ###...       4%          1    #......
b - Spider Form           Trmt/Pois      ##........   21%         3    ###....
c - Blade Hands           Trmt           ###.......   92%         5    ######.


Dungeon Overview and Level Annotations

Branches:
Dungeon (3/15)

Altars:
Makhleb


Innate Abilities, Weirdness & Mutations

You cannot wear boots.
Your serpentine skin is tough (AC +2).
You have supernaturally acute eyesight.
Armour fits poorly on your strangely shaped body.
Your system is resistant to poisons.
You cover ground very slowly.
You have a slow metabolism.
You can spit poison.


Message History

The gnoll hits you from afar with a halberd.
Casting: Beastly Appendage
Confirm with . or Enter, or press ? or * to list all spells.
You miscast Spider Form.
You are very lightly contaminated with residual magic.
You feel a strange surge of energy!
You kill the gnoll!
The gnoll hits you with a halberd! x2
Casting: Spider Form
Confirm with . or Enter, or press ? or * to list all spells.
You miscast Spider Form.
You feel slightly ill.
You have got your breath back.
The gnoll hits you from afar with a halberd!
* * * LOW HITPOINT WARNING * * *
The gnoll hits you from afar with a halberd!
* * * LOW HITPOINT WARNING * * *
Your horns disappear.
There is a stone staircase leading up here.
The gnoll hits you from afar with a halberd!
You die...

. #. #. .## #
#.. ..#
#.#..#####)#
.......##g#
#..#...#.#
#..#...#g##
#......)..##.#
#....)..@....#
#.........####
#.##..(#.##
#.##.#(#.#
##....#...#
#<..#####(#
#.....#...#
#.....#.###
#...#...#


You could see 2 gnolls.

Vanquished Creatures
  Sigmund (D:2)
  2 gnolls (D:3)
  4 adders (D:2)
  An ooze (D:1)
  A worm (D:2)
  4 dart slugs (D:2)
  A giant gecko (D:1)
  6 bats
  4 giant cockroaches
  4 hobgoblins
  A quokka (D:2)
  2 giant newts (D:2)
  7 goblins
  6 kobolds
  10 rats
54 creatures vanquished.

Notes
Turn   | Place    | Note
--------------------------------------------------------------
     0 | D:1      | Gianozzolo the Naga Transmuter began the quest for the Orb.
     0 | D:1      | Reached XP level 1. HP: 18/18 MP: 3/3
   136 | D:1      | Reached XP level 2. HP: 14/25 MP: 3/5
   763 | D:2      | Reached XP level 3. HP: 31/31 MP: 6/6
   771 | D:2      | Learned a level 3 spell: Spider Form
   803 | D:2      | Noticed Sigmund
  1272 | D:2      | Reached XP level 4. HP: 36/38 MP: 5/7
  1296 | D:2      | Found a burning altar of Makhleb.
  1409 | D:2      | Reached skill level 1 in Poison Magic
  1590 | D:2      | Killed Sigmund
  1590 | D:2      | Reached XP level 5. HP: 10/44 MP: 5/8
  1590 | D:2      | Reached XP level 6. HP: 12/51 MP: 5/9
  1693 | D:2      | Learned a level 5 spell: Blade Hands
  1878 | D:3      | Slain by a gnoll

Skill      XL: |  1  2  3  4 |
---------------+-------------+-----
Transmutations | 3 4 |  4.7
Poison Magic   | 3 |  3.0
Unarmed Combat | 4 |  4.5
Fighting       | |  1.0
Dodging        | |  1.5
Spellcasting   | |  2.0

Action                   |  1- 3 |  4- 6 || total
-------------------------+-------+-------++-------
Melee: Unarmed           |    95 |    59 ||   154
       Headbutt          |     6 |     5 ||    11
       Punch             |       |     1 ||     1
 Cast: Beastly Appendage |    14 |     8 ||    22
       Spider Form       |     1 |     1 ||     2
 Abil: Spit Poison       |     4 |     9 ||    13
  Eat: Chunk             |     1 |     3 ||     4
Armor: Robe              |    22 |     2 ||    24
       Leather armour    |       |     7 ||     7
Dodge: Dodged            |    46 |    32 ||    78
